 Dungeon Crawl Stone Soup version 0.26-a0-651-gb41185065b (webtiles) character file.

Game seed: 2097765286343969548

(classic levelgen) 496 EnegeticOcto the Chopper (level 6, -2/82 HPs)
             Began as a Deep Dwarf Delver on Oct 24, 2020.
             Was an Initiate of Ru.
             Slain by a moth of wrath (20 damage)
             ... on level 7 of the Dungeon.
             The game lasted 00:03:27 (630 turns).

EnegeticOcto the Chopper (Deep Dwarf Delver)         Turns: 630, Time: 00:03:28

Health: -2/82      AC:  6    Str: 16    XL:     6   Next: 93%
Magic:  7/8        EV: 10    Int: 12    God:    Ru [......]
Gold:   54         SH:  0    Dex: 14    Spells: 9/9 levels left

rFire    + . .     SeeInvis .   n - +1 war axe
rCold    . . .     Faith    .   (no shield)
rNeg     . . .     Spirit   .   d - +0 scale mail
rPois    .         Reflect  .   (no helmet)
rElec    .         Harm     .   (no cloak)
rCorr    .         Rampage  .   (no gloves)
MR       .....                  (no boots)
Stlth    ..........             (no amulet)
HPRegen  0.00/turn              m - +4 ring of slaying
MPRegen  0.11/turn              o - ring of protection from fire

@: berserking, non-regenerating, very quick
A: damage resistance, heal wounds, sense surroundings 1, no regeneration
a: Heal Wounds, Renounce Religion


You were on level 7 of the Dungeon.
You worshipped Ru.
Ru was noncommittal.
You visited 2 branches of the dungeon, and saw 5 of its levels.

You collected 54 gold pieces.

Inventory:

Hand Weapons
 a - a +0 hand axe
 n - a +1 war axe (weapon)
Armour
 b - a +0 leather armour
 d - a +0 scale mail (worn)
Jewellery
 m - a +4 ring of slaying (left hand)
 o - a ring of protection from fire (right hand)
Wands
 g - a wand of digging (2) {@v3}
 i - a wand of polymorph (12)
 j - a wand of random effects (15)
 p - a wand of acid (18) {@v1}
Scrolls
 c - 2 scrolls of fog
 e - a scroll of fear
 l - a scroll of teleportation {unknown}
 q - a scroll of identify {unknown}
Potions
 f - 2 potions of haste {@q4}
 h - a potion of lignification {unknown}
 k - 3 potions of curing {unknown}


   Skills:
 - Level 2.8 Fighting
 * Level 7.3 Axes
 - Level 2.4 Dodging
 - Level 6.1 Stealth
 + Level 2.2 Spellcasting


You had 9 spell levels left.
You didn't know any spells.
Your spell library was empty.

Dungeon Overview and Level Annotations

Branches:
Dungeon (7/15)             Temple (1/1) D:5

Altars:
Elyvilon
Hepliaklqana
Nemelex Xobeh
Ru
Trog
Vehumet
Wu Jian

Shops:
D:6 }


Innate Abilities, Weirdness & Mutations

You are resistant to damage.
You can heal yourself by infusing magical energy.
You passively map a small area around you.
You do not regenerate.


Message History

No target in view!
The phantom blinks!
The phantom hits you but does no damage.
You closely miss the phantom.
The phantom is almost destroyed.
The phantom hits you.
You hit the phantom.
The phantom is almost destroyed.
The phantom blinks!
The phantom hits you!
You are too injured to fight recklessly!
You are too injured to fight recklessly!
You feel much better. The phantom closely misses you.
You barely miss the phantom.
The phantom is almost destroyed.
The phantom blinks!
The phantom hits you!
You slash the phantom!
You destroy the phantom!
Your Axes skill increases to level 7!
No target in view!
Found a jade ring.
o - a jade ring Inscribe which item? (? for menu, Esc to quit)
Okay, then.
o - a ring of protection from fire (right hand)
Found a robe.
Found a stone staircase leading down.
There is a stone staircase leading down here.
You climb downwards.
Found a sharpened silver wand.
Found a stone staircase leading down.
There is a stone staircase leading up here.
p - a wand of acid (8) {@v1}
Found a wand of acid (10).
p - a wand of acid (18) {@v1} (gained 10 charges)
Found a scroll labeled EGHYTZ TYGRICAOM.
q - a scroll labeled EGHYTZ TYGRICAOM
Found 2 orange potions.
A phantom comes into view.
The phantom barely misses you.
You slash the phantom!
The phantom is moderately damaged.
The phantom barely misses you.
You slash the phantom!
The phantom is heavily damaged.
The phantom blinks!
The phantom blinks!
You closely miss the phantom.
The phantom is heavily damaged.
The phantom closely misses you.
You hit the phantom.
The phantom is heavily damaged.
The phantom barely misses you.
You closely miss the phantom.
The phantom is heavily damaged.
The phantom barely misses you.
You hit the phantom but do no damage.
The phantom is heavily damaged.
The phantom hits you.
The phantom blinks!
The phantom blinks!
No target in view!
k - 3 orange potions (gained 2) Evoke which item? (* to show all) (? for menu, Esc to quit)
Press: ? - help, Shift-Dir - straight line A rock wall.
The rock shatters into small pieces.
A rat, a worm and a moth of wrath come into view.
The moth of wrath's fur bristles in rage as it notices you.
A rat comes into view.
The worm moves out of view.
Found a bloodstained altar of Trog.
A rat and a worm come into view.
Found a short sword and a club.
You hit the rat.
You kill the rat!
You slash the phantom!
The phantom is almost destroyed.
You closely miss the moth of wrath.
The phantom hits you but does no damage.
The moth of wrath bites you! The moth of wrath infuriates you!
A red film seems to cover your vision as you go berserk!
You feel yourself moving faster!
You feel mighty!
You slash the phantom!
You destroy the phantom!
Your Spellcasting skill increases to level 2!
You slash the moth of wrath! The moth of wrath bites you!
You closely miss the moth of wrath.
The moth of wrath is moderately wounded.
The moth of wrath bites you!!
* * * LOW HITPOINT WARNING * * *
You are too injured to fight recklessly!
You are too injured to fight recklessly!
You are too injured to fight recklessly!
You are too berserk!
You slash the moth of wrath!
The moth of wrath is heavily wounded.
The moth of wrath closely misses you.
You closely miss the moth of wrath.
The moth of wrath is heavily wounded.
The moth of wrath bites you!!
You die...

, ,, , ..#.# #.## , * ,
, , #...# #.#. , * ,
#..# #.#. ############.#
#.#. * , #........# #.##
#.#. #........# #..#
#.#. ####.....#
##.#####.#.
##....####.......#. , ,
#@................ *
.....wy##...###..#######
,..#..rw*#...#
#......... .###..r #...#
##.####### * .#..._.
#...# #.# # * * .#.#..)
##### #..* # , * ..#....
##.# # * ....... .# # ,
.# #


You could see a moth of wrath, 2 worms and 2 rats.

Vanquished Creatures
  3 phantoms
  A centaur (D:5)
  A howler monkey (D:6)
  A jelly (D:6)
  A hound (D:6)
  A worker ant zombie (D:5)
  2 adders
  A white imp (D:5)
  2 adder skeletons
  An adder zombie (D:5)
  A leopard gecko (D:6)
  2 orcs
  2 jackals (D:6)
  A jackal zombie (D:6)
  A quokka zombie (D:6)
  A rat (D:7)
22 creatures vanquished.

Vanquished Creatures (others)
  A shadow imp (D:7)
1 creature vanquished.

Grand Total: 23 creatures vanquished

Notes
Turn   | Place    | Note
-------+----------+-------------------------------------------
     0 | D:5      | EnegeticOcto the Deep Dwarf Delver began the quest for the
                  | Orb.
     0 | D:5      | Reached XP level 1. HP: 20/20 MP: 1/1
    18 | D:5      | Noticed a centaur
    35 | D:5      | Reached XP level 2. HP: 13/27 MP: 2/2
    49 | D:5      | Killed a centaur
    49 | D:5      | Reached skill level 4 in Axes
    49 | D:5      | Reached XP level 3. HP: 16/33 MP: 3/3
    49 | D:5      | Reached XP level 4. HP: 20/40 MP: 4/4
    73 | D:5      | Found a staircase to the Ecumenical Temple.
    79 | Temple   | Entered the Ecumenical Temple
    88 | Temple   | Became a worshipper of Ru the Awakened
   174 | D:5      | Reached skill level 5 in Axes
   319 | D:6      | Reached XP level 5. HP: 36/48 MP: 5/5
   325 | D:6      | Noticed a phantom
   349 | D:6      | Found Unergh's Gadget Boutique.
   365 | D:6      | Noticed a phantom
   460 | D:6      | Reached skill level 6 in Axes
   460 | D:6      | Reached skill level 1 in Spellcasting
   482 | D:6      | Killed a phantom
   482 | D:6      | Reached XP level 6. HP: 36/55 MP: 5/7
   505 | D:6      | Reached skill level 7 in Axes
   623 | D:7      | Noticed a moth of wrath
   623 | D:7      | Found a bloodstained altar of Trog.
   630 | D:7      | Slain by a moth of wrath

Illustrated notes

Levels and vault maps discovered:
D:4:      layout_loops_cross, kennysheep_mini, serial_shops, shop,
          uniq_eustachio
D:5:      layout_basic, temple_green
D:6:      layout_basic, serial_shops, shop, bh_walls_and_bars
D:7:      layout_basic, nicolae_overflow_crystal_walls,
          eat_drink_and_be_merry_uskayaw, tgw_trog, minmay_misc_feat_x,
          lemuel_flamethrower_1, uniq_pikel
Temple:   dshaligram_water_room_temple

Skill      XL: |  1  2  3  4  5  6 |
---------------+-------------------+-----
Axes           | 4 5 6 7 |  7.3
Spellcasting   | 1 2 |  2.2
Fighting       | |  2.8
Dodging        | |  2.4
Stealth        | |  6.1

Action                   |  1- 3 |  4- 6 || total
-------------------------+-------+-------++-------
Melee: Hand axe          |    20 |    51 ||    71
       War axe           |       |    44 ||    44
 Abil: Heal Wounds       |     2 |     7 ||     9
Evoke: Wand              |       |     2 ||     2
  Use: Scroll            |     1 |     1 ||     2
 Stab: Sleeping          |       |     1 ||     1
Armor: Leather armour    |     8 |     9 ||    17
       Scale mail        |       |    17 ||    17
Dodge: Dodged            |    18 |    61 ||    79

Table legend: (Time is in decaauts)
 A = Elapsed time spent in this place.
 B = Non-inter-level travel time spent in this place.
 C = Inter-level travel time spent in this place.
 D = Time resting spent in this place.
 E = Time spent auto-exploring this place.
 F = Levels seen in this place.
 G = Mean time per level.
                   A        B        C        D        E       F      G
               +--------+--------+--------+--------+--------+-----+--------+
         Total |    642 |    622 |     20 |      0 |      0 |   5 |  128.4 |
       Dungeon |    623 |    611 |     12 |      0 |      0 |   4 |  155.8 |
        Temple |     18 |     10 |      8 |      0 |      0 |   1 |   18.0 |
               +--------+--------+--------+--------+--------+-----+--------+

Top non-repeatable levels by time:
     D:6: 362 daAuts
     D:5: 189 daAuts
     D:7: 62 daAuts
  Temple: 18 daAuts
     D:4: 8 daAuts
